 Dungeon Crawl Stone Soup version 0.30-a0-965-g42e074c17a (webtiles) character file.

Game seed: 15726617072639777881

1965943 freelancePsychic the Force of Nature (level 25, 191/210 HPs)
             Began as a Demonspawn Hunter on Mar 29, 2023.
             Was the Champion of Fedhas.
             Escaped with the Orb
             ... and 3 runes on Mar 30, 2023!
             The game lasted 01:43:51 (49287 turns).

freelancePsychic the Force of Nature (DsHu)        Turns: 49287, Time: 01:43:52

Health: 191/210    AC: 37    Str: 13    XL:     25   Next: 45%
Magic:  40/40      EV: 31    Int: 11    God:    Fedhas [******]
Gold:   4112       SH:  4    Dex: 27    Spells: 21/24 levels left

rFire   + + .      SeeInvis +    b - +9 triple crossbow (freeze)
rCold   + . .      Faith    .    (shield currently unavailable)
rNeg    + + .      Spirit   .    N - +5 steam dragon scales
rPois   +          Reflect  .    m - +1 helmet "Coamis" {rPois rN+}
rElec   .          Rampage  +    Z - +0 cloak of Past Mistakes {Rampage rF+ Will- Regen+}
rCorr   +          Clarity  +    (gloves unavailable)
Will    +++..      Rnd*Tele +    g - +3 pair of mountain boots {steadfast, rC+}
Stlth   ++                       t - amulet of the Four Winds {rN+ Will+++ Clar}
HPRegen 1.35/turn                T - +4 ring of protection
MPRegen 0.27/turn                a - ring "Webax" {rF+ rCorr SInv}

@: studying 3 skills
A: claws 3, slimy green scales 3, foul stench 3, icemail 2, black mark,
condensation shield, bedeviling, berserk 1, teleportitis 1
0: Orb of Zot
}: 3/15 runes: decaying, serpentine, slimy
a: Renounce Religion, Wall of Briars, Grow Ballistomycete, Overgrow, Grow Oklob


You escaped.
You worshipped Fedhas.
Fedhas was exalted by your worship.
You visited 10 branches of the dungeon, and saw 51 of its levels.
You also visited: Trove, Sewer, Bailey and Volcano.

You collected 7598 gold pieces.
You spent 3486 gold pieces at shops.

Inventory:

Hand Weapons
 b - a +9 triple crossbow of freezing (weapon)
Armour
 g - the +3 pair of mountain boots (worn) {steadfast, rC+}
   (You found it in a treasure trove)

   Steadfast: It prevents involuntary movement, except for blinking,
   teleportation, or banishment.
   rC:        It protects you from cold.
 m - the +1 helmet "Coamis" (worn) {rPois rN+}
   (You found it in a treasure trove)

   rPois:     It protects you from poison.
   rN:        It protects you from negative energy.
 N - +5 steam dragon scales (worn)
 Z - the +0 cloak of Past Mistakes (worn) {Rampage rF+ Will- Regen+}
   (You found it on level 1 of the Lair of Beasts)

   rF:        It protects you from fire.
   Regen:     It increases your rate of health regeneration.
   Rampage:   It bestows one free step when moving towards enemies.
   Will:      It decreases your willpower.
Jewellery
 a - the ring "Webax" (right claw) {rF+ rCorr SInv}
   (You found it on level 3 of the Swamp)

   [ring of resist corrosion]

   rF:        It protects you from fire.
   SInv:      It lets you see invisible.
   rCorr:     It protects you from acid and corrosion.
 t - the amulet of the Four Winds (around neck) {rN+ Will+++ Clar}
   (You bought it in a shop on level 2 of the Orcish Mines)

   [amulet of nothing]

   rN:        It protects you from negative energy.
   Clar:      It protects you against confusion.
   Will:      It greatly increases your willpower.
 T - a +4 ring of protection (left claw)
 U - the ring "Nedagy Vymi" {rPois Int+2 Dex+3 Stlth+}
   (You found it on level 4 of the Lair of Beasts)

   [ring of poison resistance]

   Int:       It affects your intelligence (+2).
   Dex:       It affects your dexterity (+3).
   rPois:     It protects you from poison.
   Stlth:     It makes you more stealthy.
Wands
 l - a wand of acid (5)
 s - a wand of iceblast (76)
 x - a wand of polymorph (6)
 J - a wand of digging (16)
 M - a wand of paralysis (17)
 S - a wand of mindburst (14)
 Y - a wand of flame (56)
Scrolls
 e - 9 scrolls of blinking
 h - 9 scrolls of vulnerability
 i - 14 scrolls of fog
 k - 8 scrolls of magic mapping
 p - 10 scrolls of amnesia
 y - 11 scrolls of immolation
 A - 8 scrolls of poison
 D - 7 scrolls of fear
 F - 23 scrolls of teleportation {@r4}
 G - 5 scrolls of silence
 H - 3 scrolls of brand weapon
 V - 3 scrolls of torment
 W - 3 scrolls of summoning
Potions
 d - 20 potions of curing {@q1}
 f - 3 potions of resistance
 j - 10 potions of might
 n - 7 potions of invisibility
 o - 16 potions of flight
 q - 9 potions of attraction
 r - 11 potions of mutation
 u - 12 potions of berserk rage
 v - a potion of ambrosia
 w - 7 potions of heal wounds {@q2}
 z - 3 potions of haste {@q3}
 I - 2 potions of lignification
 K - 11 potions of brilliance
 L - 5 potions of cancellation
 P - 7 potions of magic
Miscellaneous
 c - a condenser vane
 B - a tin of tremorstones (2/2)
 R - a phantom mirror


   Skills:
 - Level 20.0 Fighting
 - Level 26.0 Ranged Weapons
 - Level 11.0 Armour
 - Level 18.7 Dodging
 - Level 12.0 Stealth
 - Level 9.6 Hexes
 - Level 6.3 Translocations
 * Level 26.8 Invocations
 - Level 5.0 Evocations


You had 21 spell levels left.
You knew the following spells:

 Your Spells              Type           Power      Damage    Failure   Level
a - Portal Projectile     Hex/Tloc       52%        N/A       4%          3

Your spell library contained the following spells:

 Spells                   Type           Power      Damage    Failure   Level
 Confusing Touch          Hex            31%        N/A       1%          3
 Tukima's Dance           Hex            31%        N/A       1%          3
 Cause Fear               Hex            15%        N/A       7%          4
 Ensorcelled Hibernation  Hex/Ice        30%        N/A       8%          2
 Gell's Gravitas          Tloc           13%        N/A       8%          3
 Teleport Other           Tloc           13%        N/A       8%          3
 Inner Flame              Hex/Fire       15%        N/A       14%         3
 Summon Guardian Golem    Hex/Summ       15%        N/A       14%         3
 Passage of Golubria      Tloc           13%        N/A       26%         4
 Vhi's Electric Charge    Tloc/Air       12%        N/A       28%         3
 Foxfire                  Conj/Fire      0%         2x1d2     34%         1
 Kiss of Death            Conj/Necr      0%         2d5       34%         1
 Magic Dart               Conj           0%         1d3       34%         1
 Sting                    Tmut/Pois      0%         1d3       34%         1
 Summon Small Mammal      Summ           0%         N/A       34%         1
 Anguish                  Hex/Necr       7%         N/A       43%         4
 Call Imp                 Summ           0%         N/A       47%         2
 Cigotuvi's Dreadful Rot  Necr/Pois/Air  0%         N/A       47%         2
 Passwall                 Tmut/Erth      0%         N/A       47%         2
 Static Discharge         Conj/Air       0%         2-2/arc   47%         2
 Sublimation of Blood     Necr           0%         N/A       47%         2
 Call Canine Familiar     Summ           0%         N/A       71%         3
 Hailstorm                Conj/Ice       0%         3d3       71%         3
 Ignite Poison            Fire/Tmut/Pois 0%         N/A       71%         3
 Mephitic Cloud           Conj/Pois/Air  0%         N/A       71%         3
 Ozocubu's Armour         Ice            0%         N/A       71%         3
 Spider Form              Tmut/Pois      0%         N/A       71%         3
 Stone Arrow              Conj/Erth      0%         3d7       71%         3
 Swiftness                Air            0%         N/A       71%         3
 Metabolic Englaciation   Hex/Ice        7%         N/A       80%         5
 Silence                  Hex/Air        7%         N/A       80%         5
 Summon Mana Viper        Hex/Summ       15%        N/A       80%         5
 Yara's Violent Unravell  Hex/Tmut       7%         3d5       80%         5
 Airstrike                Air            0%         2d(0-16)  98%         4
 Animate Armour           Summ/Erth      0%         N/A       98%         4
 Animate Dead             Necr           0%         N/A       98%         4
 Dispel Undead            Necr           0%         3d6       98%         4
 Petrify                  Tmut/Erth      0%         N/A       98%         4
 Sticky Flame             Conj/Fire      0%         2d3       98%         4
 Summon Ice Beast         Ice/Summ       0%         N/A       98%         4
 Summon Lightning Spire   Summ/Air       0%         N/A       98%         4
 Dispersal                Tloc           6%         N/A       99%         6
 Arcjolt                  Conj/Air       0%         1d10      100%        5
 Blade Hands              Tmut           0%         N/A       100%        5
 Borgnjor's Vile Clutch   Necr/Erth      0%         N/A       100%        5
 Fireball                 Conj/Fire      0%         3d3       100%        5
 Freezing Cloud           Conj/Ice/Air   0%         6-21      100%        5
 Irradiate                Conj/Tmut      0%         3d11      100%        5
 Plasma Beam              Fire/Air       0%         2x1d7     100%        5
 Conjure Ball Lightning   Conj/Air       0%         3x3d6     100%        6
 Death Channel            Necr           0%         N/A       100%        6
 Iron Shot                Conj/Erth      0%         9d1       100%        6
 Simulacrum               Ice/Necr       0%         N/A       100%        6
 Starburst                Conj/Fire      0%         6d3       100%        6
 Malign Gateway           Summ/Tloc      3%         N/A       100%        7
 Monstrous Menagerie      Summ           0%         N/A       100%        7
 Ozocubu's Refrigeration  Ice            0%         4d7       100%        7
 Discord                  Hex            15%        N/A       100%        8
 Ignition                 Fire           0%         3d3       100%        8
 Lehudib's Crystal Spear  Conj/Erth      0%         10d2      100%        8
 Chain Lightning          Conj/Air       0%         N/A       100%        9
 Polar Vortex             Ice            0%         N/A       100%        9


Dungeon Overview and Level Annotations

Branches:
Dungeon (15/15)            Temple (0/1) D:7            Lair (5/5) D:10
  Swamp (4/4) Lair:2        Snake (4/4) Lair:3        Slime (5/5) Lair:4
    Orc (2/2) D:10            Elf (3/3) Orc:2        Vaults (4/5) D:14
  Crypt (0/3) Vaults:2     Depths (4/4) D:15            Zot (5/5) Depths:4
  Sewer (visited)          Bailey (visited)         Volcano (visited)

Altars:
Ashenzari
Cheibriados
Fedhas
Hepliaklqana
Makhleb
Nemelex Xobeh
Okawaru
Ru
Sif Muna
Trog
Uskayaw
Vehumet
Wu Jian
Yredelemnul
Jiyva

Shops:
D:1 =   D:4 :   D:6 ?   D:13 *   Orc:1 *   Orc:2 *[=(   Snake:1 [   Snake:2 **?
Vaults:1 *   Vaults:3 (   Vaults:4 ?   Depths:1 *

Portals:
Hell: Depths:1 Depths:2 Depths:3 Depths:4
Abyss: Zot:4 Depths:3
Pandemonium: Depths:2
Ziggurat: Depths:4

Annotations:
D:5 3 runed translucent doors, liarliar's ghost, novice OpAE
D:15 Roxanne
Lair:2 Urug
Elf:1 6 runed translucent doors
Elf:2 3 runed translucent doors
Vaults:1 4 transporters, Rinoumap's ghost, adept TrCK
Zot:4 2 transporters, Rudyous's ghost, legendary GnFE


Innate Abilities, Weirdness & Mutations

You have claws for hands.
You are completely covered in slimy green scales. (AC +4, rPois)
You frequently emit foul miasma when damaged in melee.
A meltable icy envelope protects you from harm. (AC +8)
Your melee attacks may debilitate your foes.
A meltable shield of frost defends you. (SH +4)
Your hexes are more powerful.
You sometimes lose your temper in combat.
You are occasionally teleported next to monsters.


Message History

(P) Snake Pit (M) Slime Pits (O) Orcish Mines (E) Elven Halls (V) Vaults (C) Crypt (U) Depths (H) Hell (Z) Zot
Where to? (Enter - D:1 @ (x,y), ? - help)
A reaper comes into view. It is wielding a +1 scythe of pain.
Unknown command.
Fire: b) +9 triple crossbow (freeze)
Press: ? - help, Shift-Dir - straight line You shoot a bolt.
Fire: b) +9 triple crossbow (freeze)
Press: ? - help, Shift-Dir - straight line, f - reaper
Aim: a reaper, wielding a +1 scythe of pain (81% to hit)
You shoot a bolt. The bolt hits the reaper!!
The bolt freezes the reaper.
The reaper is moderately wounded.
A demonspawn warmonger comes into view.
It is wielding a +5 demon trident of flaming and wearing a +0 kite shield of protection.
Fire: b) +9 triple crossbow (freeze)
Press: ? - help, Shift-Dir - straight line, f - demonspawn warmonger
Aim: a demonspawn warmonger, wielding a +5 demon trident of flaming, wearing a +0 plate armour and wearing a +0 kite shield of protection (84% to hit)
You shoot a bolt.
The demonspawn warmonger blocks the bolt.
You see here a +0 club.
You see here a +0 dagger.
There is a stone staircase leading up here.
You climb upwards.
There is a stone staircase leading down here.
(D) Dungeon (T) Temple (L) Lair (S) Swamp (P) Snake Pit (M) Slime Pits (O) Orcish Mines (E) Elven Halls (V) Vaults (C) Crypt (U) Depths (H) Hell (Z) Zot
Where to? (Enter - D:1 @ (x,y), ? - help)
There is a stone staircase leading up here.
You climb upwards.
There is a stone staircase leading down here.
There is a stone staircase leading up here.
You climb upwards.
There is a stone staircase leading down here.
There is an open door here.
There is a staircase leading out of the dungeon here.
Unknown command.
You have escaped!

........#####................#
#....##.# #..####.......#######
#....##.# #..# #.#####........
.#...##.# #..# #.# #########
#.#..##.# #### ###
.##..##.########### ###
...#.##.#..##.(...# ##.#
.....##.#.###.....# ##.#.
###.##....# #.##@.###########.###
..........# #.....##.........## #
######....###.....###########.###
#.....##'##### ##.#.
#.######.############ ##.# #.#
#....#...#.....# ####
#.####....#...#####.# ##.##
#.##......#.8.#...#.# ##.#.#
#.##.#....'...###.#.# #.###.


There were no monsters in sight!

Vanquished Creatures
  the Royal Jelly (Slime:5)
  4 dread liches (Zot:5)
  2 ancient liches (Zot:5)
  An orb of fire (Zot:5)
  A juggernaut (Depths:2)
  Sojobo (Vaults:2)
  4 Killer Klowns
  A curse toe (Zot:5)
  2 caustic shrikes
  Nikola (Snake:3)
  11 golden dragons
  3 electric golems
  2 Tzitzimimeh
  2 walking crystal tomes
  27 Orb Guardians
  12 tentacled monstrosities
  A deep elf blademaster (Elf:3)
  Mlioglotl (Swamp:2)
  A quicksilver dragon (Zot:4)
  6 death cobs
  4 sphinxes
  15 acid blobs
  3 draconian monks
  3 shadow dragons
  5 tengu reavers
  10 rockslimes
  2 fenstrider witches
  3 nagarajas
  5 storm dragons
  5 draconian knights
  7 azure jellies
  4 deep elf sorcerers
  2 iron dragons
  9 fire giants
  6 frost giants
  6 draconian scorchers
  Louise (Snake:2)
  Aizul (Snake:2)
  14 vault wardens
  6 deep elf elementalists
  5 ghost moths
  6 draconian stormcallers
  2 balrugs
  A cacodemon (Depths:2)
  A ghoul (Swamp:3)
  3 orc warlords
  7 draconian shifters
  10 quicksilver oozes
  9 draconian annihilators
  3 spriggan defenders
  6 ironbound thunderhulks
  12 ironbound preservers
  A vampire knight (Depths:3)
  14 very ugly things
  A war gargoyle (Vaults:4)
  10 stone giants
  7 bunyips
  8 black draconians
  14 green draconians
  Azrael (D:15)
  3 deep elf annihilators (Elf:3)
  17 dire elephants
  13 red draconians
  5 eleionomae
  A lorocyproca (Zot:5)
  2 spark wasps
  9 purple draconians
  16 white draconians
  3 deep elf demonologists
  7 deep elf death magi (Elf:3)
  7 yellow draconians
  3 crystal guardians
  9 ettins
  A fire dragon (shapeshifter) (Elf:3)
  3 jiangshi (Depths:2)
  9 fire dragons
  9 deep elf high priests
  The ghost of Irudwodgh the Devastator, a journeyman DsCj of Gozag (Lair:4)
  12 yaktaur captains
  3 entropy weavers
  11 great orbs of eyes
  A rakshasa (Depths:2)
  6 salamander tyrants
  5 ironbound frosthearts
  2 ogre magi
  3 peacekeepers
  7 ice dragons
  20 vault guards
  3 ghost crabs
  22 hydras
  9 centaur warriors
  2 spriggan air magi
  3 catoblepae
  4 deep troll shamans
  11 dancing weapons
  16 two-headed ogres
  2 death knights (Vaults:2)
  6 boulder beetles
  9 anacondas
  7 naga warriors
  3 deep troll earth magi (Depths:2)
  8 alligators
  4 orc high priests
  2 spriggan berserkers
  2 vampire magi
  17 naga sharpshooters
  2 soul eaters
  8 tengu warriors
  13 death yaks
  Sonja (Lair:4)
  14 hell knights
  12 deep elf knights
  4 sun demons
  11 shock serpents
  6 spriggan druids
  Nergalle (D:10)
  44 deep trolls
  9 salamander mystics
  6 iron trolls (Depths:2)
  2 flayed ghosts
  2 sea snakes (Snake:3)
  An orb spider (shapeshifter) (Depths:2)
  A goliath frog (Swamp:1)
  A death drake (Zot:4)
  11 bog bodies
  5 glowing orange brains
  4 naga ritualists
  14 swamp dragons
  An orange crystal statue (Zot:5)
  18 orc knights
  19 deep elf pyromancers
  A phantasmal warrior (Vaults:4)
  6 wizards
  15 lindwurms
  17 deep elf zephyrmancers
  18 ironbound convokers
  14 deep elf archers
  13 mana vipers
  4 necromancers
  30 ugly things
  A wolf spider (shapeshifter) (Depths:1)
  3 wolf spiders
  26 salamanders
  6 orc sorcerers
  7 cyclopes
  5 manticores
  7 shining eyes
  A stone giant skeleton (Vaults:1)
  A moth of wrath (shapeshifter) (Depths:4)
  15 moths of wrath
  16 elephants
  10 naga magi
  20 vault sentinels
  A smoke demon (Volcano)
  32 black mambas
  A gargoyle (D:10)
  6 guardian serpents (Snake:4)
  Joseph (D:10)
  A cane toad (shapeshifter) (D:14)
  8 cane toads
  3 eyes of devastation
  2 kobold demonologists (D:11)
  2 rime drakes
  2 unseen horrors
  An orange demon (Zot:2)
  25 yaktaurs
  6 tengu conjurers
  An efreet (D:12)
  9 komodo dragons
  An ice devil (Zot:1)
  Psyche (D:10)
  A yaktaur skeleton (Vaults:1)
  A red devil (D:14)
  4 trolls
  A hellwing (Depths:2)
  4 polar bears
  3 meliai (D:14)
  3 bloated husks
  3 tyrant leeches
  12 hornets
  A blink frog (shapeshifter) (D:12)
  A human skeleton (Vaults:1)
  14 blink frogs
  A frost giant simulacrum (Vaults:1)
  A jumping spider (shapeshifter) (D:14)
  A culicivora (Vaults:1)
  75 slime creatures
  A wraith (D:9)
  A jumping spider (Vaults:1)
  A shadow (D:11)
  7 water elementals
  3 air elementals
  2 ynoxinuls (Depths:2)
  4 hogs (Lair:3)
  19 spriggans
  44 yaks
  6 wyverns
  5 basilisks
  9 golden eyes
  3 fire elementals
  4 redbacks
  A yaktaur simulacrum (Vaults:3)
  10 steam dragons
  11 vampire mosquitoes
  A chaos spawn (Depths:2)
  A human simulacrum (Vaults:1)
  An acid dragon (D:13)
  9 wargs (Orc:1)
  44 nagas
  19 swamp worms
  14 water moccasins
  6 hell hounds
  A floating eye (Depths:2)
  8 swamp drakes
  5 black bears
  3 ice beasts
  33 orc warriors
  A sky beast (D:7)
  16 wolves
  4 boggarts (Vaults:2)
  7 centaurs
  18 ogres
  2 phantoms
  4 kobold brigands
  15 bullfrogs
  4 scorpions
  A gnoll sergeant (D:10)
  2 necrophages (Swamp:3)
  2 earth elementals
  6 wights
  10 killer bees
  An electric eel (Lair:2)
  A hound (D:7)
  2 jellies (D:6)
  23 orc priests
  Ijyb (D:3)
  3 iguanas
  Natasha (thrice) (D:4)
  36 orc wizards
  A statue (D:9)
  A boggart simulacrum (D:12)
  7 gnolls
  17 adders
  2 white imps
  A worm (D:3)
  4 dart slugs
  95 orcs
  15 ball pythons
  11 bats
  6 endoplasms
  11 giant cockroaches
  10 goblins
  8 hobgoblins
  4 jackals (D:4)
  6 quokkas (Sewer)
  9 frilled lizards
  15 kobolds
  3 rats
  4 ballistomycete spores
  A fire vortex (Depths:3)
1978 creatures vanquished.

Vanquished Creatures (collateral kills)
  3 orbs of fire (Zot:5)
  A Killer Klown (Zot:5)
  Vashnia (Snake:2)
  Rupert (Lair:5)
  A tentacled monstrosity (Zot:5)
  2 Orb Guardians (Zot:5)
  2 deep elf master archers (Elf:3)
  A lich (Depths:2)
  A deep elf blademaster (Elf:3)
  A death cob (Zot:5)
  Kirke (Lair:3)
  A shadow dragon (Zot:5)
  3 deep elf sorcerers (Elf:3)
  An iron dragon (Depths:2)
  2 deep elf elementalists (Elf:3)
  A very ugly thing (Depths:2)
  A black draconian (Zot:1)
  A deep elf annihilator (Elf:3)
  3 vault guards (D:14)
  An ice dragon (Depths:2)
  2 orc high priests (Orc:2)
  A deep troll earth mage (Depths:2)
  A dancing weapon (Elf:3)
  2 hell knights (Depths:2)
  A naga sharpshooter (Snake:2)
  2 deep trolls
  A deep elf archer (Elf:3)
  A deep elf pyromancer (Elf:3)
  A cane toad (Lair:2)
  A vampire (D:10)
  A basilisk (D:10)
  2 orc warriors (Orc:2)
  3 centaurs (D:13)
  A wight (D:8)
  2 gnolls (D:10)
  An adder (Lair:3)
  3 orcs (Orc:2)
  110 ballistomycete spores
165 creatures vanquished.

Vanquished Creatures (others)
  An ancient lich (Zot:5)
  An Orb Guardian (Zot:5)
  3 deep elf knights (Elf:1)
  2 spriggans (Swamp:2)
  A deep troll (Vaults:2)
  A spriggan druid (Swamp:2)
  A deep elf archer (Elf:1)
  A deep elf pyromancer (Elf:1)
  A deep elf zephyrmancer (Elf:1)
  A will-o-the-wisp (Swamp:2)
  A yaktaur (Vaults:4)
  A bloated husk (Swamp:2)
  A hornet (Swamp:2)
  A water elemental (Depths:2)
  A vampire mosquito (Lair:2)
  A boggart (Vaults:2)
  A hound (D:6)
  3 orcs (Elf:1)
  10 ballistomycete spores
  A briar patch (Lair:1)
  A bush (Lair:5)
  10 foxfires (Swamp:2)
  49 fungi
  95 plants
189 creatures vanquished.

Grand Total: 2332 creatures vanquished

Notes
Turn   | Place    | Note
-------+----------+-------------------------------------------
     0 | D:1      | freelancePsychic the Demonspawn Hunter began the quest for
                  | the Orb.
     0 | D:1      | Reached XP level 1. HP: 16/16 MP: 1/1
    37 | D:1      | Reached skill level 1 in Stealth
    80 | D:1      | Gained mutation: You are partially covered in slimy green
                  | scales. (AC +2) [demonic ancestry]
    80 | D:1      | Reached XP level 2. HP: 15/22 MP: 2/2
   396 | D:1      | Found Vusufuv's Jewellery Shoppe.
   591 | D:1      | Reached XP level 3. HP: 28/28 MP: 3/3
   896 | D:2      | Got the Spellbook of Conjuration
  1266 | D:2      | Gained mutation: You may rarely emit foul miasma when
                  | damaged in melee. [demonic ancestry]
  1266 | D:2      | Reached XP level 4. HP: 34/34 MP: 4/4
  1463 | D:3      | Noticed Ijyb
  1804 | D:3      | Found a broken altar of Ashenzari.
  2030 | D:3      | Found a sacrificial altar of Ru.
  2274 | D:4      | Noticed Natasha
  2280 | D:4      | Killed Natasha
  2316 | D:4      | Noticed Natasha
  2317 | D:4      | Killed Natasha
  2318 | D:4      | Gained mutation: You sometimes emit foul miasma when
                  | damaged in melee. [demonic ancestry]
  2318 | D:4      | Reached XP level 5. HP: 41/41 MP: 5/5
  2350 | D:4      | Found Ibred's Book Shoppe.
  2382 | D:4      | Noticed Natasha
  2395 | D:4      | Killed Natasha
  2396 | D:4      | Reached skill level 5 in Ranged Weapons
  2406 | D:4      | Found a glowing drain.
  2417 | Sewer    | Entered a sewer
  2646 | Sewer    | Reached XP level 6. HP: 42/47 MP: 6/6
  2683 | Sewer    | Identified a scroll of acquirement
  2683 | Sewer    | Acquired a manual of Stealth
  3027 | D:4      | Found an ornate altar of the Wu Jian Council.
  3087 | D:4      | Reached XP level 7. HP: 50/54 MP: 7/7
  3630 | D:3      | Killed Ijyb
  3664 | D:3      | Found a large runed translucent door.
  3666 | D:3      | Found a large runed translucent door.
  3722 | D:3      | Found a blossoming altar of Fedhas.
  3734 | D:3      | Found a burning altar of Makhleb.
  3740 | D:3      | Became a worshipper of Fedhas Madash
  3815 | D:5      | Entered Level 5 of the Dungeon
  3839 | D:5      | Reached skill level 1 in Invocations
  3949 | D:5      | Reached skill level 5 in Stealth
  4136 | D:5      | Gained mutation: A meltable shield of frost defends you.
                  | (SH +4) [demonic ancestry]
  4136 | D:5      | Reached XP level 8. HP: 54/61 MP: 9/9
  4265 | D:5      | Found a runed translucent gate.
  4268 | D:5      | Found a runed translucent gate.
  4273 | D:5      | Found a runed translucent gate.
  4277 | D:5      | Noticed liarliar's ghost (novice OpAE)
  4324 | D:5      | Reached skill level 5 in Fighting
  4890 | D:6      | Found The Oracle's Delphic Readings.
  4894 | D:6      | Bought a scroll of identify for 28 gold pieces
  4894 | D:6      | Bought a scroll of immolation for 56 gold pieces
  4967 | D:6      | Reached * piety under Fedhas
  5596 | D:7      | Found a staircase to the Ecumenical Temple.
  5606 | D:7      | Gained mutation: You have sharp fingernails. [demonic
                  | ancestry]
  5606 | D:7      | Reached XP level 9. HP: 69/69 MP: 12/12
  5677 | D:7      | Reached skill level 5 in Invocations
  5893 | D:7      | Reached ** piety under Fedhas
  6154 | D:7      | Found a shimmering blue altar of Sif Muna.
  6807 | D:8      | Noticed a two-headed ogre
  6823 | D:8      | Killed a two-headed ogre
  6824 | D:8      | Gained mutation: A meltable icy envelope protects you from
                  | harm. (AC +8) [demonic ancestry]
  6824 | D:8      | Reached XP level 10. HP: 63/79 MP: 13/15
  7024 | D:9      | Reached skill level 10 in Ranged Weapons
  7244 | D:9      | Found a radiant altar of Vehumet.
  7424 | D:9      | Reached *** piety under Fedhas
  7565 | D:9      | Found a bloodstained altar of Trog.
  7565 | D:9      | Found an iron altar of Okawaru.
  7587 | D:10     | Entered Level 10 of the Dungeon
  7587 | D:10     | Found a basalt altar of Yredelemnul.
  7589 | D:10     | Found a flagged portal.
  7606 | Bailey   | Entered a bailey
  7680 | Bailey   | Noticed a two-headed ogre
  7687 | Bailey   | Killed a two-headed ogre
  8006 | D:10     | Found a staircase to the Orcish Mines.
  8014 | D:10     | Noticed Joseph
  8024 | D:10     | Killed Joseph
  8025 | D:10     | Reached XP level 11. HP: 61/87 MP: 13/17
  8102 | D:10     | Noticed Nergalle
  8155 | D:10     | Killed Nergalle
  8208 | D:10     | Noticed Psyche
  8214 | D:10     | Killed Psyche
  8541 | D:10     | Found a staircase to the Lair.
  9050 | Lair:1   | Entered Level 1 of the Lair of Beasts
  9133 | Lair:1   | Reached skill level 5 in Dodging
  9251 | Lair:1   | Found a transporter.
  9338 | Lair:1   | Found a dark tunnel.
  9347 | Volcano  | Entered a volcano
  9421 | Volcano  | Noticed a lindwurm
  9426 | Volcano  | HP: 3/89 [lindwurm/blast of flame (42)]
  9437 | Volcano  | Noticed a lindwurm
  9441 | Volcano  | Killed a lindwurm
  9441 | Volcano  | Killed a lindwurm
  9526 | Volcano  | Noticed a lindwurm
  9530 | Volcano  | Noticed a lindwurm
  9537 | Volcano  | Killed a lindwurm
  9538 | Volcano  | Gained mutation: A meltable icy envelope protects you from
                  | harm. (AC +8) [demonic ancestry]
  9538 | Volcano  | Reached XP level 12. HP: 97/97 MP: 14/18
  9558 | Volcano  | Noticed a fire dragon
  9576 | Volcano  | Killed a fire dragon
  9733 | Lair:1   | Reached skill level 10 in Fighting
  9734 | Lair:1   | Noticed a catoblepas
  9751 | Lair:1   | Killed a catoblepas
 10055 | Lair:1   | Found a transporter.
 10246 | Lair:2   | Noticed a five-headed hydra
 10267 | Lair:2   | Killed a five-headed hydra
 10344 | Lair:2   | Reached **** piety under Fedhas
 10439 | Lair:2   | Reached skill level 10 in Invocations
 10483 | Lair:2   | Found a staircase to the Swamp.
 10666 | Lair:2   | Noticed Urug
 10973 | Lair:3   | Noticed a death yak
 10987 | Lair:3   | Noticed a death yak
 10988 | Lair:3   | Killed a death yak
 10988 | Lair:3   | Noticed a death yak
 10991 | Lair:3   | Killed a death yak
 10992 | Lair:3   | Noticed a death yak
 10994 | Lair:3   | Noticed a death yak
 10994 | Lair:3   | Noticed a death yak
 10995 | Lair:3   | Killed a death yak
 11002 | Lair:3   | Killed a death yak
 11005 | Lair:3   | Killed a death yak
 11008 | Lair:3   | Killed a death yak
 11035 | Lair:3   | Gained mutation: You have very sharp fingernails. [demonic
                  | ancestry]
 11035 | Lair:3   | Reached XP level 13. HP: 103/105 MP: 21/21
 11264 | Lair:3   | Found a staircase to the Snake Pit.
 11679 | Lair:3   | Noticed Kirke
 11801 | Lair:3   | Killed Kirke
 12074 | Lair:4   | Reached ***** piety under Fedhas
 12204 | Lair:4   | Noticed Sonja
 12211 | Lair:4   | Killed Sonja
 12220 | Lair:4   | Found a runed translucent gate.
 12220 | Lair:4   | Found a runed translucent gate.
 12239 | Lair:4   | Found a runed translucent gate.
 12259 | Lair:4   | Noticed Irudwodgh's ghost (journeyman DsCj)
 12317 | Lair:4   | Killed Irudwodgh's ghost
 12318 | Lair:4   | Reached skill level 15 in Ranged Weapons
 12394 | Lair:4   | Identified the ring "Nedagy Vymi" {rPois Int+2 Dex+3
                  | Stlth+}
 12559 | Lair:4   | Found a viscous altar of Jiyva.
 12566 | Lair:4   | Found a staircase to the Slime Pits.
 12826 | Lair:5   | Entered Level 5 of the Lair of Beasts
 13202 | Lair:5   | Gained mutation: You frequently emit foul miasma when
                  | damaged in melee. [demonic ancestry]
 13202 | Lair:5   | Reached XP level 14. HP: 114/114 MP: 23/23
 13682 | Lair:5   | Noticed Rupert
 13683 | Lair:5   | Paralysed by Rupert for 4 turns
 13711 | Lair:5   | Killed Rupert
 13819 | Lair:5   | Identified the +7 morningstar of Flawed Execution {speed,
                  | rElec rC+ Str+3}
 14401 | Lair:1   | Identified the +0 cloak of Past Mistakes {Rampage rF+ Will-
                  | Regen+}
 14811 | D:11     | Reached skill level 1 in Armour
 15043 | D:11     | Found a portal to a secret trove of treasure.
 15158 | D:12     | Paralysed by a great orb of eyes for 4 turns
 15170 | D:12     | Identified the +0 scale mail of Tosurcha {rPois Int+2
                  | Dex-2}
 15373 | D:12     | Reached ****** piety under Fedhas
 15906 | D:13     | Noticed an angel
 15906 | D:13     | Found Ostroaviv's Hallowed Reliquary.
 15948 | D:13     | Reached XP level 15. HP: 122/122 MP: 25/25
 16926 | D:14     | Found a gate to the Vaults.
 17888 | D:15     | Entered Level 15 of the Dungeon
 17989 | D:15     | Reached skill level 15 in Invocations
 18036 | D:15     | Found a blossoming altar of Fedhas.
 18069 | D:15     | Noticed Roxanne
 18156 | D:15     | Noticed Azrael
 18169 | D:15     | Killed Azrael
 18170 | D:15     | Reached skill level 5 in Armour
 18273 | D:15     | Found a staircase to the Depths.
 18757 | Orc:1    | Entered Level 1 of the Orcish Mines
 18762 | Orc:1    | Found a bloodstained altar of Trog.
 18830 | Orc:1    | Paralysed by an orc sorcerer for 3 turns
 19041 | Orc:1    | Found Umaroil's Assorted Antiques.
 19065 | Orc:1    | Bought a scroll of blinking for 180 gold pieces
 19065 | Orc:1    | Bought a scroll of teleportation for 72 gold pieces
 19065 | Orc:1    | Bought a purple potion for 21 gold pieces
 19065 | Orc:1    | Bought an orange potion for 21 gold pieces
 19065 | Orc:1    | Bought a scroll of identify for 48 gold pieces
 19392 | Orc:2    | Entered Level 2 of the Orcish Mines
 19685 | Orc:1    | Reached XP level 16. HP: 87/132 MP: 27/27
 19894 | Orc:2    | Found Dooraz's General Store.
 19895 | Orc:2    | Found Huodei's Jewellery Boutique.
 19897 | Orc:2    | Found Coost's Antique Armour Boutique.
 19897 | Orc:2    | Found Raklaog's Antique Weapon Shop.
 19904 | Orc:2    | Bought the amulet of the Four Winds {rN+ Will+++ Clar} for
                  | 910 gold pieces
 19904 | Orc:2    | Found the amulet of the Four Winds {rN+ Will+++ Clar}
 20051 | Orc:2    | Found a staircase to the Elven Halls.
 20175 | Orc:2    | Bought a potion of haste for 150 gold pieces
 20175 | Orc:2    | Bought a scroll of teleportation for 45 gold pieces
 20175 | Orc:2    | Bought a scroll of blinking for 112 gold pieces
 20449 | Snake:1  | Entered Level 1 of the Snake Pit
 20511 | Snake:1  | Found a snail-covered altar of Cheibriados.
 20602 | Snake:1  | Found Kyjyedgh Tonk's Armour Emporium.
 20818 | Snake:1  | Reached skill level 10 in Stealth
 21526 | Snake:2  | Noticed Aizul
 21538 | Snake:2  | Killed Aizul
 21551 | Snake:2  | Found Ecearaol's Magic Scroll Shoppe.
 21767 | Snake:2  | Found Ente Hyest's General Store.
 21769 | Snake:2  | Found Muoxzugu's General Store.
 21773 | Snake:2  | Bought a scroll of enchant armour for 142 gold pieces
 21860 | Snake:2  | Noticed Vashnia
 22118 | Snake:2  | Killed Vashnia
 22279 | Snake:2  | Noticed Louise
 22290 | Snake:2  | Killed Louise
 23294 | Snake:3  | Reached skill level 15 in Fighting
 23387 | Snake:3  | Noticed Nikola
 23394 | Snake:3  | Killed Nikola
 23407 | Snake:3  | Gained mutation: Your hexes are more powerful. [demonic
                  | ancestry]
 23407 | Snake:3  | Reached XP level 17. HP: 127/142 MP: 28/28
 23691 | Snake:4  | Entered Level 4 of the Snake Pit
 23734 | Snake:4  | Reached skill level 1 in Evocations
 24350 | Snake:4  | Reached skill level 5 in Evocations
 24845 | Snake:4  | Reached skill level 10 in Dodging
 24972 | Snake:4  | Got a serpentine rune of Zot
 25201 | Swamp:1  | Entered Level 1 of the Swamp
 25760 | Swamp:2  | Noticed Mlioglotl
 25776 | Swamp:2  | Killed Mlioglotl
 26084 | Swamp:3  | Reached XP level 18. HP: 151/151 MP: 29/29
 26092 | Swamp:3  | Identified the ring "Webax" {rF+ rCorr SInv}
 26201 | Swamp:3  | Identified the +7 spear "Eteovar" {chaos, rF+}
 26471 | Swamp:3  | Noticed a tentacled monstrosity
 26478 | Swamp:3  | Killed a tentacled monstrosity
 26657 | Swamp:4  | Entered Level 4 of the Swamp
 27059 | Swamp:4  | Got a decaying rune of Zot
 27475 | Elf:1    | Entered Level 1 of the Elven Halls
 27767 | Elf:1    | Noticed a Hell Sentinel
 27792 | Elf:1    | Paralysed by an air elemental for 1 turns
 27885 | Elf:1    | Found a runed translucent gate.
 27885 | Elf:1    | Found a runed translucent gate.
 27885 | Elf:1    | Found a runed translucent gate.
 27885 | Elf:1    | Found a runed translucent gate.
 27885 | Elf:1    | Found a runed translucent gate.
 27887 | Elf:1    | Found a runed translucent gate.
 27890 | Elf:1    | Identified the -2 pair of boots "Paotosia" {rF++}
 28190 | Elf:1    | Identified the +0 ring mail "Forget-Me-Not" {rElec rPois
                  | Dex+6}
 28311 | Elf:1    | Found a radiant altar of Vehumet.
 28449 | Elf:2    | Reached XP level 19. HP: 152/159 MP: 30/30
 28647 | Elf:2    | Paralysed by an air elemental for 1 turns
 28772 | Elf:2    | Found a runed translucent gate.
 28773 | Elf:2    | Found a runed translucent gate.
 28773 | Elf:2    | Found a runed translucent gate.
 29258 | Elf:3    | Entered Level 3 of the Elven Halls
 29745 | Elf:2    | Learned a level 3 spell: Portal Projectile
 29922 | Elf:3    | Identified the +1 leather armour of Tenacity {rElec rN+}
 29956 | Elf:3    | Reached skill level 1 in Hexes
 30024 | Elf:3    | Identified the +11 great sword of Context {freeze, rPois
                  | rF+ rC+ Str-4}
 30029 | Elf:3    | Reached skill level 1 in Translocations
 30035 | Elf:3    | Reached skill level 15 in Dodging
 30132 | Elf:3    | Noticed a Brimstone Fiend
 30354 | Elf:3    | Identified the staff of death "Qidauh" {rPois rN+}
 30355 | Elf:3    | Identified the staff of poison "Nuem" {rPois Dex-3 SInv
                  | Stlth+}
 30370 | Elf:3    | Got the Atlas of the Wilderness
 30371 | Elf:3    | Identified the +0 ring mail "Zedun" {Str+2 Int+3}
 30398 | Elf:3    | Identified the staff of cold "Gayczil" {rC+ Will- Str+4
                  | Stlth+}
 30656 | Vaults:1 | Entered Level 1 of the Vaults
 31304 | Vaults:1 | Found Zeskofaet's Assorted Antiques.
 31312 | Vaults:1 | Bought a scroll of enchant weapon for 247 gold pieces
 31312 | Vaults:1 | Bought a scroll of enchant weapon for 247 gold pieces
 31388 | Vaults:1 | Found a transporter.
 31426 | Vaults:1 | Found a transporter.
 31655 | Vaults:1 | Reached skill level 5 in Hexes
 31699 | Vaults:1 | Reached XP level 20. HP: 170/170 MP: 31/31
 32096 | Vaults:1 | Noticed Rinoumap's ghost (adept TrCK)
 32098 | Vaults:1 | Found a transporter.
 32185 | Vaults:1 | Found a transporter.
 32524 | Vaults:2 | Found a staircase to the Crypt.
 32699 | Vaults:2 | Reached skill level 5 in Translocations
 33258 | Vaults:2 | Noticed Sojobo
 33267 | Vaults:2 | Killed Sojobo
 33411 | Vaults:2 | You fall into a shaft and drop 1 floor!
 33616 | Vaults:3 | Found Wach's Antique Weapon Boutique.
 34866 | Vaults:2 | Gained mutation: You have claws for hands. [demonic
                  | ancestry]
 34866 | Vaults:2 | Reached XP level 21. HP: 179/179 MP: 32/32
 35410 | Vaults:4 | Found Imourhob's Magic Scroll Shoppe.
 35420 | Vaults:4 | Bought a scroll of acquirement for 780 gold pieces
 35420 | Vaults:4 | Acquired 837 gold pieces
 35422 | Vaults:4 | Bought a scroll of summoning for 142 gold pieces
 35422 | Vaults:4 | Bought a scroll of fog for 60 gold pieces
 35422 | Vaults:4 | Bought 2 scrolls of fog for 120 gold pieces
 35422 | Vaults:4 | Bought a scroll of teleportation for 45 gold pieces
 35422 | Vaults:4 | Bought a scroll of immolation for 60 gold pieces
 36879 | Depths:1 | Entered Level 1 of the Depths
 36909 | Depths:1 | Found a hazy altar of Hepliaklqana.
 37017 | Depths:1 | Found a gateway to Hell.
 37423 | Depths:1 | Found Qomicka's Demolitions Depot.
 37772 | Depths:2 | Found a hide-covered altar of Uskayaw.
 38068 | Depths:2 | Reached XP level 22. HP: 179/190 MP: 30/33
 38096 | Depths:2 | Reached skill level 10 in Armour
 38101 | Depths:2 | Paralysed by a floating eye for 2 turns
 38105 | Depths:2 | Noticed a juggernaut
 38112 | Depths:2 | Killed a juggernaut
 38211 | Depths:2 | Noticed a caustic shrike
 38216 | Depths:2 | Killed a caustic shrike
 38994 | Depths:2 | Found a one-way gate leading to the halls of Pandemonium.
 39088 | Depths:3 | Identified the +0 robe "Bugoumey" {Rampage Drain +Blink}
 39152 | Depths:3 | Found a one-way gate to the infinite horrors of the Abyss.
 39210 | Depths:3 | Identified the +7 battleaxe "Gemnocad" {spect, Dex+2}
 39606 | Depths:4 | Entered Level 4 of the Depths
 39874 | Depths:4 | Found a gate to the Realm of Zot.
 39874 | Depths:4 | Noticed a golden dragon
 39878 | Depths:4 | Killed a golden dragon
 40059 | Depths:4 | Identified the +1 ring mail of Eternal Vigilance {+Inv
                  | Will+ Str+2 Stlth+}
 40093 | Depths:4 | Found an iron altar of Okawaru.
 40153 | Depths:4 | Found a one-way gateway to a ziggurat.
 40202 | Depths:4 | Noticed a caustic shrike
 40203 | Depths:4 | Noticed a caustic shrike
 40208 | Depths:4 | Killed a caustic shrike
 40567 | Depths:4 | Noticed a caustic shrike
 40626 | Depths:4 | Found a sparkling altar of Nemelex Xobeh.
 40884 | Depths:4 | Upgraded the game from 0.30-a0-956-gcec3b41aec to
                  | 0.30-a0-965-g42e074c17a
 41227 | Slime:1  | Entered Level 1 of the Pits of Slime
 41438 | Slime:3  | Gained mutation: You are mostly covered in slimy green
                  | scales. (AC +3) [demonic ancestry]
 41438 | Slime:3  | Reached XP level 23. HP: 188/196 MP: 23/34
 41562 | Slime:5  | Entered Level 5 of the Pits of Slime
 41574 | Slime:5  | Gained mutation: Armour fits poorly on your strangely
                  | shaped body. [a shining eye]
 41575 | Slime:5  | Gained mutation: Your magical capacity is low. (-10% MP) [a
                  | shining eye]
 41588 | Slime:5  | Noticed the Royal Jelly
 41601 | Slime:5  | Killed the Royal Jelly
 41702 | Slime:4  | HP: 6/196 [rockslime[the Royal Jelly] (19)]
 42465 | Slime:5  | Identified the staff of fire "Aciejeomm" {rF+ Stlth+}
 42497 | Slime:5  | Got Sif Muna's Discourse on the Barrage and Metamorphosis
 42515 | Slime:5  | Got a slimy rune of Zot
 42517 | Slime:5  | Got the Compendium of Illusion
 42534 | Slime:5  | Identified the +10 plate armour "Muraump" {rPois rF+ Will+
                  | Dex+2}
 42545 | Slime:5  | Identified the +2 great sword of the Poles {spect, Str+3}
 42583 | Slime:5  | Identified the +4 great sword "Demonslayer" {antimagic,
                  | Int+2}
 42591 | Slime:5  | Identified the +0 ring mail of the Sharing Gods {Harm
                  | Dex+3}
 42603 | Slime:5  | Lost mutation: Your magical capacity is low. (-10% MP)
                  | [potion of mutation]
 42603 | Slime:5  | Lost mutation: Armour fits poorly on your strangely shaped
                  | body. [potion of mutation]
 42603 | Slime:5  | Gained mutation: You sometimes lose your temper in combat.
                  | [potion of mutation]
 42998 | D:11     | You showed the slimy rune of Zot to enter a treasure trove
 42999 | Trove    | Entered a treasure trove
 43002 | Trove    | Found the +5 Storm Queen's Shield {shock, Fly rElec}
 43002 | Trove    | Found the +3 pair of mountain boots {steadfast, rC+}
 43004 | Trove    | Identified the +0 plate armour of the Hidden Beds {rF-
                  | Will++ Str+3 SInv}
 43005 | Trove    | Identified the +4 robe of the Black Moon {rN+ Archmagi}
 43006 | Trove    | Identified the +1 helmet "Coamis" {rPois rN+}
 43008 | Trove    | Identified the +0 cloak "Plog" {Int+3 Dex+2}
 43009 | Trove    | Identified the +2 pair of boots of Gestures {Harm Drain
                  | Str+4}
 43013 | Trove    | Identified the +1 crystal plate armour of Hopscotch
                  | {Rampage rCorr Str-5 Dex+4}
 43047 | Trove    | Identified the +0 plate armour of Xyboschy {rC+ Dex+3}
 43276 | Zot:1    | Entered Level 1 of the Realm of Zot
 43497 | Zot:1    | Identified the +3 shortbow of Fuythefe {antimagic, Int-5
                  | Dex+6}
 45110 | Zot:3    | Identified the +1 whip of Uncertain Death {spect, Drain
                  | Dex+4}
 45174 | Zot:3    | Identified the +1 ring mail of Deshruax {Fly Will+++ Regen+
                  | Stlth-}
 45783 | Zot:4    | Acquired a manual of Invocations
 45902 | Zot:4    | Gained mutation: You are completely covered in slimy green
                  | scales. (AC +4, rPois) [demonic ancestry]
 45902 | Zot:4    | Reached XP level 24. HP: 177/204 MP: 31/34
 45988 | Zot:4    | Found a transporter.
 46172 | Zot:4    | Noticed a Killer Klown
 46194 | Zot:4    | Noticed a Killer Klown
 46212 | Zot:4    | Found a transporter.
 46249 | Zot:4    | Noticed a Killer Klown
 46254 | Zot:4    | Killed a Killer Klown
 46384 | Zot:4    | Noticed Rudyous's ghost (legendary GnFE)
 46662 | Zot:5    | Entered Level 5 of the Realm of Zot
 47157 | Zot:5    | Noticed an ancient lich
 47161 | Zot:5    | Killed an ancient lich
 47605 | Zot:5    | Noticed an orb of fire
 47609 | Zot:5    | Noticed an orb of fire
 47610 | Zot:5    | Killed an orb of fire
 47611 | Zot:5    | Noticed a dread lich
 47615 | Zot:5    | Noticed an ancient lich
 47616 | Zot:5    | Noticed a Killer Klown
 47616 | Zot:5    | Noticed an ancient lich
 47617 | Zot:5    | Gained mutation: You are occasionally teleported next to
                  | monsters. [an orb of fire]
 47619 | Zot:5    | Noticed an orb of fire
 47619 | Zot:5    | Killed an orb of fire
 47620 | Zot:5    | Noticed an orb of fire
 47621 | Zot:5    | Killed a dread lich
 47624 | Zot:5    | Killed an orb of fire
 47626 | Zot:5    | Noticed a dread lich
 47627 | Zot:5    | Killed an ancient lich
 47629 | Zot:5    | Noticed a Killer Klown
 47631 | Zot:5    | Noticed a dread lich
 47631 | Zot:5    | Killed an orb of fire
 47637 | Zot:5    | Killed an ancient lich
 47639 | Zot:5    | Noticed a dread lich
 47644 | Zot:5    | Killed a dread lich
 47644 | Zot:5    | Killed a Killer Klown
 47648 | Zot:5    | Killed a dread lich
 47649 | Zot:5    | Gained mutation: Your melee attacks may debilitate your
                  | foes. [demonic ancestry]
 47649 | Zot:5    | Reached XP level 25. HP: 174/210 MP: 17/39
 47650 | Zot:5    | Noticed a Killer Klown
 47652 | Zot:5    | Noticed a Killer Klown
 47663 | Zot:5    | Killed a dread lich
 47665 | Zot:5    | Killed a Killer Klown
 47676 | Zot:5    | Killed a Killer Klown
 47677 | Zot:5    | Killed a Killer Klown
 48715 | Zot:5    | Got the Orb of Zot
 49287 | D:$      | Escaped with the Orb!

Illustrated notes

Levels and vault maps discovered:
D:1:      dpeg_arrival_rooms_b, layout_loops_ring, serial_shops,
          nicolae_lakefront_shop, minmay_misc_feat_secret_circle
D:2:      layout_loops_ring, minmay_hedge_maze
D:3:      layout_rooms, gammafunk_temple_overflow_statue,
          general_overflow_altar, jmf_multi_god_temple2,
          minmay_misc_feat_encased, uniq_ijyb
D:4:      layout_loops_ring, mainiacjoe_overflow_six_doors_small,
          portal_sewer_entry_d, serial_shops, nicolae_shop_statue_plus,
          uniq_natasha
D:5:      layout_loops_ring, ebering_ghost_rock_garden
D:6:      layout_basic, serial_aquarium, aquarium_bridge_straight
          [aquarium_subvault_bridge, aquarium_subvault_balcony,
          aquarium_subvault_bridge, aquarium_subvault_wall],
          aquarium_bridge_long_separate [aquarium_subvault_bridge,
          aquarium_subvault_wall, aquarium_subvault_bridge,
          aquarium_subvault_bridge, aquarium_subvault_wall,
          aquarium_subvault_wall], aquarium_window_fake, aquarium_window_2,
          aquarium_view_2d, aquarium_balcony_1a, nicolae_nh_oracle_at_delphi
D:7:      layout_loops_ring, mainiacjoe_overflow_24_doors,
          minmay_temple_entry_arrows, dreamdust_princess_corridor
D:8:      layout_rooms, serial_park_tiny_1, minmay_misc_feat_tower,
          ebering_dispersal_statue_hall
D:9:      layout_roguey, grunt_temple_overflow_bloody_war, vehumet_statue
D:10:     layout_irregular_city, mainiacjoe_overflow_concentric_impassable,
          erik_lair_dragon, orc_0_dummy, enter_bailey_5, uniq_joseph,
          uniq_psyche, uniq_nergalle
D:11:     layout_basic, nicolae_trove_entry_columns
D:12:     minmay_swirls_squares, layout_cave_pools
D:13:     layout_cave_pods, nicolae_good_shop
D:14:     layout_roguey, erik_vaults_2, serial_co_window_serial,
          co_window_of_opportunity_a, co_window_of_opportunity_a,
          co_window_corner_a, co_window_of_opportunity_a, co_window_paths_b,
          co_window_of_opportunity_c, co_window_corner_b, co_window_cross_2,
          co_window_corner_ca, co_window_4corner_a, co_window_sun,
          glass_columns_b, glass_columns_c, glass_columns_b, glass_columns_a,
          glass_columns_b
D:15:     grunt_enter_depths_giant_problem, layout_basic, small_statue_alley_a,
          fedhas_altar_3, uniq_azrael, uniq_roxanne
Lair:1:   gammafunk_worm_tunnel, layout_loops_ring,
          nicolae_volcano_entry_lava_flow, st_stairs_7, lemuel_fruit_tree
Lair:2:   layout_misc_corridors, minmay_swamp_entry_swarm, lemuel_fruit_fields,
          uniq_urug
Lair:3:   minmay_lair_venomous_thicket, layout_hall_layers,
          minmay_snake_entry_guardpost_small, uniq_kirke
Lair:4:   layout_big_grid, dpeg_slime_entry_corner, gammafunk_ghost_split,
          grunt_megastairs_4, uniq_sonja
Lair:5:   grunt_lair_end_beastmaster, layout_loops_ring, uniq_rupert
Swamp:1:  layout_falls_marsh, evilmike_swamp_ruin_house_3, swamp_pool3
Swamp:2:  layout_basic_swamp, nicolae_swamp_well_well_well,
          statue_in_the_mist_lemuel, swamp_pool5, uniq_mlioglotl
Swamp:3:  layout_basic_swamp, nicolae_swamp_trees_clearing, swamp_pool3
Swamp:4:  grunt_swamp_rune_castle, layout_basic_swamp, infiniplex_staircase_pool
Snake:1:  layout_onion, serial_shops, shop, basic_altar
Snake:2:  layout_layer_cave, serial_bayou_shore_b, minmay_shop_star,
          uniq_louise, uniq_aizul, uniq_vashnia
Snake:3:  layout_basic, grunt_ministairs_2, serial_bayou_lagoon_a,
          grunt_megastairs_5, uniq_nikola
Snake:4:  snake_pit_salamanders_mu, layout_cave_town
Slime:1:  layout_caves, nicolae_slime_getting_an_eyeful
Slime:2:  layout_caves
Slime:3:  layout_caves, cheibrodos_slime_lost_civilization_4
Slime:4:  layout_caves
Slime:5
Orc:1:    layout_diamond_mine, serial_shops, shop_coins, basic_altar,
          nooodl_orcs_dogs
Orc:2:    st_orc_congregation, layout_diamond_mine
Elf:1:    layout_gridlike, orc_legates, nicolae_elf_theology_debate
Elf:2:    nicolae_elf_blades_crystal_corner, layout_loops_corners,
          nicolae_elf_stone_circles
Elf:3:    minmay_elf_hall_x, layout_geoelf_grid
Vaults:1: gammafunk_ghost_mausoleum, gammafunk_its_a_trap, v_misc_23,
          v_pattern_3, v_misc_26, vaults_room_fancy_cross, v_alt_pattern_4,
          hangedman_vaults_stitches, hangedman_vaults_slice,
          nicolae_vaults_border_crossing, v_misc_5, hangedman_vaults_impose,
          grunt_vaults_focal, vaults_dpeg_encased_lava, layout_vaults_omnibox,
          serial_shops, nicolae_shop_overgrown_old_shop
Vaults:2: v_misc_25, v_alt_pattern_1, hangedman_vaults_nodes, vaults_dpeg_hooks,
          ontoclasm_vaults_ligature, vaults_mumra_minichess,
          ontoclasm_vaults_claustrophobia, hangedman_vaults_river_flow,
          v_misc_15, vaults_room_hallway, blue_anna_dwarven_crypt,
          layout_vaults_big_cross, uniq_sojobo
Vaults:3: serial_ice_b, nicolae_vaults_back_hallway,
          hangedman_vaults_stretched_pinwheel, v_rooms_6, hangedman_vaults_maws,
          v_misc_11, nicolae_vaults_specimen_jars, vaults_dpeg_ring,
          layout_vaults_chaotic_city, serial_shops, shop
Vaults:4: vaults_room_fancy_cross, st_lattice, vaults_room_corners,
          nicolae_vaults_network_quinsquares
          [nicolae_vaults_network_quincunx_subvault,
          nicolae_vaults_network_quincunx_subvault,
          nicolae_vaults_network_quincunx_subvault,
          nicolae_vaults_network_quincunx_subvault],
          nicolae_vaults_network_star, v_misc_33, ontoclasm_vaults_shuriken,
          hangedman_vaults_cutoff, layout_vaults_quadrants, serial_shops,
          nicolae_lakefront_shop
Depths:1: layout_cave_pools, grunt_hell_entry_dis_grunt,
          minmay_misc_feat_hallway, nicolae_blasting_shop, eino_tiny_chamber,
          worldfamousw_hep_ancestral_shrine
Depths:2: minmay_the_grid_octo_tiled_octocenter_mashed
          [minmay_the_grid_octo_pinwheel, minmay_the_grid_octo_teeth,
          minmay_the_grid_octo_77, minmay_the_grid_octo_checkered,
          minmay_the_grid_octo_prize_square_snowflake,
          minmay_the_grid_square_5x5_spiral,
          minmay_the_grid_square_5x5_shuriken,
          minmay_the_grid_square_5x5_two_small, minmay_the_grid_square_5x5_meh],
          layout_gridlike, lightli_too_deep, rand_demon_pan_entry_9,
          nicolae_uskayaw_en_pointe, lemuel_freeze_loot_1
Depths:3: minmay_skeletal_surprise, layout_basic, hell_entry, abyss_entry,
          nicolae_kite_square_tiling_tiny, chequers_serial_rivers_small_a,
          uniq_enchantress
Depths:4: grunt_x_marks_the_spot, layout_gridlike, enter_ziggurat_f,
          nemelex_lonely_heart_becter, serial_co_window_serial,
          co_window_paths_b, co_window_cross_1, co_window_paths_a,
          co_window_paths_b, co_window_corner_a, co_window_corner_ca,
          co_window_corner_ca, co_window_corner_ca, glass_columns_c,
          glass_columns_a, glass_columns_a, glass_columns_c, glass_columns_a,
          pf_hell_entry_great_geh, okawaru_gym_becter
Zot:1:    layout_gridville, st_small_dragon_hoard_3
Zot:2:    layout_gridville
Zot:3:    layout_onion
Zot:4:    layout_misc_corridors, gammafunk_ghost_abyssal_escape,
          hangedman_swamp_dais
Zot:5:    layout_concentric_octagons

Skill      XL: |  1  2  3  4  5  6  7  8  9 10 11 12 13 14 15 16 17 18 19 20 21 22 23 24 25 |
---------------+----------------------------------------------------------------------------+-----
Stealth        | 1 2 3 4 5 7 9 12 | 12.0
Ranged Weapons | 4 5 6 8 9 11 12 14 15 16 17 19 20 21 22 23 24 25 26 | 26.0
Fighting       | 3 4 5 7 8 9 10 11 12 13 15 16 17 18 20 | 20.0
Invocations    | 2 4 7 8 10 12 14 15 24 26 | 26.8
Dodging        | 3 5 7 8 9 11 13 15 16 18 | 18.7
Armour         | 3 5 6 9 11 | 11.0
Evocations     | 5 |  5.0
Hexes          | 5 9 |  9.6
Translocations | 3 6 |  6.3

Action                     |  1- 3 |  4- 6 |  7- 9 | 10-12 | 13-15 | 16-18 | 19-21 | 22-24 | 25-27 || total
---------------------------+-------+-------+-------+-------+-------+-------+-------+-------+-------++-------
  Melee: Unarmed           |       |       |       |       |     1 |       |       |       |       ||     1
         Triple crossbow   |       |       |       |       |     5 |    10 |       |       |       ||    15
   Fire: Shortbow          |    94 |   181 |   347 |   693 |   843 |       |       |       |       ||  2158
         Triple crossbow   |       |       |       |       |   463 |  1100 |  1138 |  1202 |   144 ||  4047
   Cast: Portal Projectile |       |       |       |       |       |       |     3 |     7 |       ||    10
 Invoke: Wall of Briars    |       |       |     2 |     4 |     4 |       |       |       |       ||    10
         Grow Ballistomyce |       |       |       |     5 |     6 |     3 |     4 |     5 |     1 ||    24
         Grow Oklob        |       |       |       |       |     3 |     2 |     6 |    10 |       ||    21
  Evoke: Wand              |       |       |     1 |     1 |       |       |       |       |       ||     2
         Condenser vane    |       |       |       |       |       |     1 |     4 |     6 |       ||    11
         Phantom mirror    |       |       |       |       |       |       |     1 |       |       ||     1
         Tin of tremorston |       |       |       |       |       |       |       |     2 |       ||     2
    Use: Scroll            |     2 |     7 |     3 |     7 |    15 |    14 |    14 |     5 |     1 ||    68
         Potion            |       |     1 |       |     6 |     5 |     2 |     2 |    15 |     5 ||    36
 Armour: Leather armour    |    20 |    12 |    35 |    35 |       |       |       |       |       ||   102
         Steam dragon scal |       |       |       |    40 |   199 |   157 |   274 |   214 |    10 ||   894
         Skin              |       |       |       |       |     1 |       |       |       |       ||     1
  Dodge: Dodged            |    44 |    69 |   118 |   246 |   705 |   708 |  1157 |   775 |    37 ||  3859
  Block: Other             |       |       |    17 |    58 |   107 |    89 |   157 |    62 |     1 ||   491

Table legend: (Time is in decaauts)
 A = Elapsed time spent in this place.
 B = Non-inter-level travel time spent in this place.
 C = Inter-level travel time spent in this place.
 D = Time resting spent in this place.
 E = Time spent auto-exploring this place.
 F = Levels seen in this place.
 G = Mean time per level.
                   A        B        C        D        E       F      G
               +--------+--------+--------+--------+--------+-----+--------+
         Total |  50411 |  45200 |   5211 |    942 |  33539 |  55 |  916.6 |
       Dungeon |  14233 |  12315 |   1918 |    283 |   9641 |  15 |  948.9 |
          Lair |   5037 |   4217 |    820 |     31 |   2820 |   5 | 1007.4 |
         Swamp |   2316 |   2208 |    108 |      0 |   1643 |   4 |  579.0 |
     Snake Pit |   4926 |   4538 |    388 |     20 |   3489 |   4 | 1231.5 |
    Slime Pits |   1524 |   1371 |    153 |    189 |    678 |   5 |  304.8 |
  Orcish Mines |   1923 |   1411 |    512 |     37 |    815 |   2 |  961.5 |
   Elven Halls |   3289 |   2974 |    315 |    242 |   1950 |   3 | 1096.3 |
        Vaults |   5893 |   5616 |    277 |      0 |   4504 |   4 | 1473.2 |
        Depths |   4408 |   4025 |    383 |      0 |   3177 |   4 | 1102.0 |
           Zot |   5591 |   5258 |    333 |    139 |   4053 |   5 | 1118.2 |
         Trove |     57 |     57 |      0 |      0 |      0 |   1 |   57.0 |
         Sewer |    573 |    573 |      0 |      0 |    429 |   1 |  573.0 |
        Bailey |    283 |    283 |      0 |      0 |    183 |   1 |  283.0 |
       Volcano |    352 |    352 |      0 |      0 |    154 |   1 |  352.0 |
               +--------+--------+--------+--------+--------+-----+--------+

Top non-repeatable levels by time:
   Zot:5: 1937 daAuts
Vaults:2: 1879 daAuts
    D:10: 1814 daAuts
 Snake:2: 1666 daAuts
Depths:2: 1603 daAuts
Vaults:4: 1483 daAuts
 Snake:4: 1464 daAuts
    D:14: 1352 daAuts
Vaults:1: 1306 daAuts
Depths:4: 1285 daAuts
Vaults:3: 1223 daAuts
   Elf:1: 1186 daAuts
   Elf:2: 1142 daAuts
  Lair:1: 1135 daAuts
   Zot:1: 1121 daAuts
